3046 views
Uploaded 2020-03-14 22:25:31
Game version 1.32.2
6:26 long 3on3 ladder game on (6)UpperKingdom
Saved by BEARAND
3046 views
Uploaded 2020-03-14 22:25:31
Game version 1.32.2
6:26 long 3on3 ladder game on (6)UpperKingdom


/ 0k
70 buildings @ 3.5k
/ 1.4k

| Peasant | 14 | 1050 | / | 0 |
| total: | 14 | 1050g | / | 0w |
| Scout Tower | 17 | 510 | / | 340 |
| Arcane Tower | 1 | 70 | / | 50 |
| Guard Tower | 6 | 420 | / | 300 |
| Altar of Kings | 1 | 180 | / | 50 |
| Farm | 4 | 320 | / | 80 |
| Lumber Mill | 1 | 120 | / | 0 |
| Arcane Vault | 1 | 130 | / | 30 |
| Keep | 1 | 320 | / | 210 |
| total: | 24 | 1260g | / | 500w |
| 0:02 | Peasant |
| 0:02 | Peasant |
| 0:07 | Altar of Kings |
| 0:13 | Peasant |
| 0:18 | Farm |
| 0:26 | Peasant |
| 0:38 | Lumber Mill |
| 0:41 | Scout Tower |
| 0:41 | Peasant |
| 1:08 | Peasant |
| 1:24 | Peasant |
| 1:32 | Scout Tower |
| 1:34 | Farm |
| 1:35 | Arcane Tower |
| 1:45 | Peasant |
| 1:55 | Scout Tower |
| 2:07 | Blizzard |
| 2:15 | Scout Tower |
| 2:32 | Improved Masonry |
| 2:35 | Peasant |
| 2:35 | Peasant |
| 2:35 | Peasant |
| 2:54 | Peasant |
| 3:14 | Scout Tower |
| 3:18 | Guard Tower |
| 3:19 | Scout Tower |
| 3:24 | Scout Tower |
| 3:24 | Scout Tower |
| 3:38 | Keep |
| 3:40 | Guard Tower |
| 4:02 | Guard Tower |
| 4:04 | Scout Tower |
| 4:06 | Scout Tower |
| 4:35 | Guard Tower |
| 4:36 | Farm |
| 4:36 | Farm |
| 4:51 | Arcane Vault |
| 4:55 | Guard Tower |
| 4:56 | Scout Tower |
| 4:57 | Scout Tower |
| 6:20 | Peasant |
| 6:20 | Peasant |
| 6:23 | Scout Tower |
| 6:23 | Scout Tower |
| 6:23 | Scout Tower |
| 6:24 | Scout Tower |
| 6:24 | Scout Tower |
| 6:25 | Advanced Masonry |
| Right click | 432 |
| Select | 121 |
| Chat | 46 |
| Build/train/purchase | 33 |
| Select group | 7 |
| Use ability | 3 |
| Assign group | 2 |
| Remove unit | 2 |

| Peasant | 17 | 1275 | / | 0 |
| total: | 17 | 1275g | / | 0w |
| Scout Tower | 22 | 660 | / | 440 |
| Arcane Tower | 3 | 210 | / | 150 |
| Guard Tower | 13 | 910 | / | 650 |
| Altar of Kings | 1 | 180 | / | 50 |
| Farm | 5 | 400 | / | 100 |
| Lumber Mill | 1 | 120 | / | 0 |
| total: | 29 | 1360g | / | 590w |
| 0:01 | Peasant |
| 0:05 | Altar of Kings |
| 0:13 | Peasant |
| 0:17 | Farm |
| 0:23 | Peasant |
| 0:33 | Lumber Mill |
| 0:35 | Peasant |
| 0:48 | Peasant |
| 0:55 | Scout Tower |
| 1:08 | Peasant |
| 1:21 | Farm |
| 1:22 | Farm |
| 1:24 | Peasant |
| 1:25 | Arcane Tower |
| 1:38 | Scout Tower |
| 1:40 | Peasant |
| 1:47 | Peasant |
| 2:09 | Arcane Tower |
| 2:13 | Scout Tower |
| 2:18 | Scout Tower |
| 2:32 | Peasant |
| 2:32 | Peasant |
| 2:36 | Blizzard |
| 2:41 | Scout Tower |
| 2:44 | Scout Tower |
| 2:44 | Guard Tower |
| 2:47 | Peasant |
| 2:47 | Peasant |
| 2:53 | Guard Tower |
| 2:54 | Scout Tower |
| 3:03 | Scout Tower |
| 3:15 | Scout Tower |
| 3:17 | Scout Tower |
| 3:19 | Improved Masonry |
| 3:20 | Peasant |
| 3:20 | Farm |
| 3:22 | Farm |
| 3:26 | Guard Tower |
| 3:27 | Scout Tower |
| 3:28 | Scout Tower |
| 3:39 | Guard Tower |
| 4:11 | Guard Tower |
| 4:11 | Peasant |
| 4:11 | Peasant |
| 4:19 | Guard Tower |
| 4:20 | Scout Tower |
| 4:22 | Scout Tower |
| 4:22 | Scout Tower |
| 4:31 | Guard Tower |
| 4:36 | Scout Tower |
| 4:38 | Scout Tower |
| 4:42 | Guard Tower |
| 4:55 | Guard Tower |
| 5:11 | Guard Tower |
| 5:12 | Scout Tower |
| 5:12 | Scout Tower |
| 5:15 | Peasant |
| 5:18 | Guard Tower |
| 5:19 | Scout Tower |
| 6:05 | Scout Tower |
| 6:06 | Scout Tower |
| Right click | 330 |
| Select | 164 |
| Build/train/purchase | 43 |
| Select group | 28 |
| Assign group | 23 |
| Chat | 12 |
| Use ability | 5 |
| Minimap ping | 2 |

| Peasant | 22 | 1650 | / | 0 |
| total: | 22 | 1650g | / | 0w |
| Scout Tower | 12 | 360 | / | 240 |
| Arcane Tower | 4 | 280 | / | 200 |
| Guard Tower | 8 | 560 | / | 400 |
| Altar of Kings | 1 | 180 | / | 50 |
| Lumber Mill | 1 | 120 | / | 0 |
| Farm | 3 | 240 | / | 60 |
| total: | 17 | 900g | / | 350w |
| 0:01 | Peasant |
| 0:03 | Altar of Kings |
| 0:13 | Peasant |
| 0:18 | Lumber Mill |
| 0:20 | Peasant |
| 0:25 | Farm |
| 0:32 | Peasant |
| 0:48 | Peasant |
| 0:56 | Farm |
| 1:14 | Scout Tower |
| 1:17 | Peasant |
| 1:24 | Peasant |
| 1:30 | Scout Tower |
| 1:35 | Peasant |
| 1:41 | Arcane Tower |
| 1:52 | Peasant |
| 1:56 | Arcane Tower |
| 2:03 | Blizzard |
| 2:06 | Scout Tower |
| 2:13 | Peasant |
| 2:19 | Scout Tower |
| 2:23 | Peasant |
| 2:28 | Improved Masonry |
| 2:30 | Peasant |
| 2:38 | Guard Tower |
| 2:53 | Guard Tower |
| 2:56 | Scout Tower |
| 3:13 | Peasant |
| 3:14 | Peasant |
| 3:16 | Scout Tower |
| 3:23 | Guard Tower |
| 3:28 | Peasant |
| 3:41 | Peasant |
| 3:44 | Scout Tower |
| 3:50 | Farm |
| 3:50 | Arcane Tower |
| 4:04 | Scout Tower |
| 4:05 | Scout Tower |
| 4:10 | Guard Tower |
| 4:15 | Scout Tower |
| 4:18 | Peasant |
| 4:23 | Peasant |
| 4:39 | Peasant |
| 4:44 | Guard Tower |
| 4:54 | Scout Tower |
| 5:01 | Guard Tower |
| 5:02 | Scout Tower |
| 5:07 | Peasant |
| 6:00 | Guard Tower |
| 6:07 | Peasant |
| 6:07 | Peasant |
| Right click | 381 |
| Assign group | 306 |
| Select | 156 |
| Select group | 120 |
| Build/train/purchase | 55 |
| Use ability | 7 |
| Chat | 7 |
| Misc. action | 5 |
/ 0.1k
31 buildings @ 4.1k
/ 1.3k

| Wisp | 13 | 780 | / | 0 |
| Archer | 8 | 1040 | / | 80 |
| total: | 21 | 1820g | / | 80w |
| Altar of Elders | 1 | 180 | / | 50 |
| Moon Well | 4 | 720 | / | 160 |
| Ancient of War | 2 | 300 | / | 120 |
| Hunter's Hall | 2 | 420 | / | 200 |
| Tree of Ages | 1 | 320 | / | 180 |
| total: | 9 | 1620g | / | 530w |
| 0:01 | Altar of Elders |
| 0:03 | Wisp |
| 0:03 | Wisp |
| 0:03 | Wisp |
| 0:18 | Moon Well |
| 0:20 | Wisp |
| 0:27 | Wisp |
| 0:39 | Ancient of War |
| 0:47 | Wisp |
| 0:58 | Wisp |
| 1:11 | Wisp |
| 1:29 | Wisp |
| 1:32 | Wisp |
| 1:41 | Wisp |
| 1:46 | Archer |
| 1:49 | Moon Well |
| 2:16 | Wisp |
| 2:33 | Wisp |
| 2:49 | Mana Burn |
| 2:54 | Archer |
| 2:54 | Archer |
| 3:13 | Tree of Ages |
| 3:14 | Archer |
| 3:24 | Ancient of War |
| 3:35 | Archer |
| 4:13 | Archer |
| 4:26 | Archer |
| 4:37 | Moon Well |
| 5:33 | Archer |
| 5:35 | Moon Well |
| 5:49 | Evasion |
| 6:07 | Hunter's Hall |
| 6:26 | Hunter's Hall |
| Right click | 485 |
| Select group | 320 |
| Select | 112 |
| Chat | 56 |
| Build/train/purchase | 30 |
| Misc. action | 25 |
| Assign group | 19 |
| Use ability | 10 |
| Esc | 4 |
| Minimap ping | 2 |

| Peasant | 8 | 600 | / | 0 |
| Footman | 14 | 1890 | / | 0 |
| total: | 22 | 2490g | / | 0w |
| Scout Tower | 1 | 30 | / | 20 |
| Arcane Tower | 2 | 140 | / | 100 |
| Farm | 5 | 400 | / | 100 |
| Barracks | 2 | 320 | / | 120 |
| Altar of Kings | 1 | 180 | / | 50 |
| Keep | 1 | 320 | / | 210 |
| total: | 9 | 930g | / | 290w |
| 0:02 | Peasant |
| 0:02 | Peasant |
| 0:02 | Peasant |
| 0:07 | Farm |
| 0:12 | Barracks |
| 0:14 | Peasant |
| 0:35 | Peasant |
| 0:49 | Altar of Kings |
| 0:53 | Peasant |
| 1:05 | Farm |
| 1:11 | Peasant |
| 1:13 | Footman |
| 1:14 | Footman |
| 1:24 | Peasant |
| 1:33 | Scout Tower |
| 1:38 | Footman |
| 1:53 | Footman |
| 1:59 | Arcane Tower |
| 2:14 | Footman |
| 2:28 | Footman |
| 2:39 | Defend |
| 2:44 | Farm |
| 3:08 | Pocket Factory |
| 3:09 | Footman |
| 3:14 | Footman |
| 3:24 | Footman |
| 3:35 | Barracks |
| 4:55 | Footman |
| 4:58 | Farm |
| 5:00 | Keep |
| 5:07 | Footman |
| 5:19 | Footman |
| 5:37 | Farm |
| 5:40 | Footman |
| 5:51 | Engineering Upgrade |
| 6:22 | Footman |
| Right click | 251 |
| Select | 132 |
| Build/train/purchase | 35 |
| Chat | 29 |
| Select group | 26 |
| Assign group | 5 |
| Use ability | 2 |
| Misc. action | 1 |
| Remove unit | 1 |
| Minimap ping | 1 |

| Peasant | 9 | 675 | / | 0 |
| Footman | 6 | 810 | / | 0 |
| total: | 15 | 1485g | / | 0w |
| Altar of Kings | 1 | 180 | / | 50 |
| Farm | 5 | 400 | / | 100 |
| Barracks | 3 | 480 | / | 180 |
| Lumber Mill | 1 | 120 | / | 0 |
| Blacksmith | 1 | 140 | / | 60 |
| Arcane Vault | 2 | 260 | / | 60 |
| Keep | 1 | 320 | / | 210 |
| total: | 13 | 1580g | / | 450w |
| 0:05 | Altar of Kings |
| 0:05 | Peasant |
| 0:09 | Farm |
| 0:16 | Peasant |
| 0:27 | Peasant |
| 0:34 | Barracks |
| 0:35 | Barracks |
| 0:38 | Peasant |
| 0:53 | Peasant |
| 0:59 | Farm |
| 1:13 | Peasant |
| 1:24 | Lumber Mill |
| 1:31 | Peasant |
| 1:43 | Farm |
| 1:47 | Footman |
| 1:51 | Peasant |
| 2:00 | Peasant |
| 2:07 | Holy Light |
| 2:17 | Blacksmith |
| 2:26 | Footman |
| 2:43 | Footman |
| 2:57 | Barracks |
| 3:44 | Footman |
| 4:37 | Footman |
| 4:37 | Footman |
| 4:39 | Iron Plating |
| 4:42 | Keep |
| 4:55 | Arcane Vault |
| 4:58 | Arcane Vault |
| 5:41 | Farm |
| 5:44 | Farm |
| 5:49 | Studded Leather Armor |
| Right click | 275 |
| Select | 66 |
| Build/train/purchase | 20 |
| Select group | 11 |
| Assign group | 10 |
| Use ability | 3 |
| Misc. action | 1 |
⇛